 Dungeon Crawl Stone Soup version 0.19.1 (webtiles) character file.

133 KingCrawl the Conjurer (level 4, -3/30 HPs)
             Began as a Demonspawn Conjurer on Dec 25, 2016.
             Slain by Grinder (10 damage)
             ... on level 3 of the Dungeon on Dec 26, 2016.
             The game lasted 00:10:50 (2040 turns).

KingCrawl the Conjurer (Demonspawn Conjurer)        Turns: 2040, Time: 00:10:51

Health: -3/30      AC:  4    Str:  9    XL:     4   Next: 94%
Magic:  0/8        EV: 12    Int: 20    God:
Gold:   150        SH:  2    Dex: 11    Spells: 2 memorised, 4 levels left

rFire  . . .     SeeInvis .     j - +0 dagger (venom)
rCold  . . .     Gourm    .     a - +0 robe
rNeg   . . .     Faith    .     (no shield)
rPois  .         Spirit   .     (helmet restricted)
rElec  .         Reflect  +     v - +0 cloak
rCorr  .         Harm     .     u - +0 pair of gloves
MR     .....                    (no boots)
Stlth  ++........               s - +2 amulet of reflection
                                o - +3 ring of intelligence
                                n - -2 ring of dexterity (curse)

@: lethally poisoned (-3 -> -6), invisible
A: antennae 1, powered by death 1
a: no special abilities


You were on level 3 of the Dungeon.
You were not hungry.

You visited 1 branch of the dungeon, and saw 3 of its levels.

You collected 150 gold pieces.

Inventory:

Hand Weapons
 d - a +0 club
 e - a +0 short sword
 j - a +0 dagger of venom (weapon)
Armour
 a - a +0 robe (worn)
 u - a +0 pair of gloves (worn)
 v - a +0 cloak (worn)
Jewellery
 n - a cursed -2 ring of dexterity (left hand)
 o - a +3 ring of intelligence (right hand)
 q - a +2 ring of intelligence
 s - a +2 amulet of reflection (around neck)
Scrolls
 f - 4 scrolls of identify {unknown}
 k - a scroll of recharging {unknown}
 l - a scroll of enchant armour {unknown}
 t - a scroll of teleportation {unknown}
 w - a scroll of fog {unknown}
 x - a scroll of random uselessness {unknown}
 y - 2 scrolls of remove curse {unknown}
 z - a scroll of amnesia {unknown}
Potions
 g - a potion of invisibility
 h - a potion of lignification {unknown}
 m - a potion of mutation {unknown}
 p - a potion of curing {unknown}
Books
 b - a book of Conjurations

   Spells                             Type                      Level
   a - Magic Dart                     Conjuration                  1
   b - Searing Ray                    Conjuration                  2
   c - Dazzling Spray                 Conjuration/Hexes            3
   d - Fulminant Prism                Conjuration/Hexes            4
   e - Iskenderun's Mystic Blast      Conjuration                  4
   f - Iskenderun's Battlesphere      Conjuration/Charms           5
Comestibles
 c - 2 bread rations
 i - 6 fruits
 r - a meat ration


   Skills:
 - Level 1.7 Dodging
 - Level 1.7 Stealth
 - Level 3.0 Spellcasting
 + Level 5.7 Conjurations


You had 4 spell levels left.
You knew the following spells:

 Your Spells              Type           Power        Failure   Level  Hunger
a - Magic Dart            Conj           ####         1%          1    None
b - Iskenderun's Mystic   Conj           ####....     14%         4    ####...


Dungeon Overview and Level Annotations

Branches:
Dungeon (3/15)

Altars:
Makhleb
Yredelemnul

Annotations:
D:3 Grinder


Innate Abilities, Weirdness & Mutations

You have a pair of small antennae on your head.
You regenerate a little health from kills.


Message History

The magic dart hits the adder.
The adder is lightly wounded.
The adder barely misses you. Grinder gestures at you.
Pain shoots through your body!
Casting: Magic Dart
Confirm with . or Enter, or press ? or * to list all spells.
Aiming: Magic Dart
Press: ? - help, Shift-Dir - straight line, f/p - adder
Aim: an adder (lightly wounded)
The magic dart hits the adder.
The adder is moderately wounded.
You feel sick. The adder misses you. Grinder gestures at you.
Pain shoots through your body!
* * * LOW HITPOINT WARNING * * *
It was a potion of invisibility.
You fade into invisibility!
The adder bites you but does no damage. Grinder hits you!
You die...

###### .. ########....<
#. #........#### #..
#.#####..# # #.. #.# #.##
# #... ####.# #.#####
###...####....# #.##...
?......5...##.#####.##†..
.......S@†...............
.....??....##.......##...
###...####.####...#.##...
#... #.####...#.#####
.... #......#.#.# ###..
######.....# #. ###.#####
# .. ##.#...###
#.#..#...#


You could see Grinder and an adder.

Vanquished Creatures
  The ghost of graki42 the Magician, an amateur DEFE (D:3)
  2 adders (D:3)
  An ooze (D:1)
  A worm (D:2)
  3 leopard geckos
  A ball python (D:2)
  A giant cockroach (D:2)
  4 goblins
  6 hobgoblins
  2 jackals (D:1)
  A quokka (D:2)
  3 bats
  A frilled lizard (D:3)
  7 kobolds
  6 rats
40 creatures vanquished.

Notes
Turn   | Place    | Note
-------+----------+-------------------------------------------
     0 | D:1      | KingCrawl the Demonspawn Conjurer began the quest for the Orb.
     0 | D:1      | Reached XP level 1. HP: 13/13 MP: 3/3
   527 | D:1      | Gained mutation: You regenerate a little health from kills. [demonic ancestry]
   527 | D:1      | Reached XP level 2. HP: 19/19 MP: 1/5
  1212 | D:2      | Gained mutation: You have a pair of small antennae on your head. [demonic ancestry]
  1212 | D:2      | Reached XP level 3. HP: 24/24 MP: 4/7
  1647 | D:2      | Found a basalt altar of Yredelemnul.
  1647 | D:2      | Found a burning altar of Makhleb.
  1938 | D:3      | Noticed graki42's ghost (amateur DEFE)
  1963 | D:3      | Killed graki42's ghost
  1963 | D:3      | Reached skill level 5 in Conjurations
  1963 | D:3      | Reached XP level 4. HP: 28/30 MP: 0/8
  1969 | D:3      | Learned a level 4 spell: Iskenderun's Mystic Blast
  2025 | D:3      | Noticed Grinder
  2031 | D:3      | Paralysed by Grinder for 4 turns
  2040 | D:3      | Slain by Grinder

Skill      XL: |  1  2  3 |
---------------+----------+-----
Spellcasting   | 3 |  3.0
Conjurations   | 5 |  5.7
Dodging        | |  1.7
Stealth        | |  1.7

Action                   |  1- 3 |  4- 6 || total
-------------------------+-------+-------++-------
Melee: Club              |     7 |       ||     7
       Unarmed           |     2 |       ||     2
       Short sword       |    17 |       ||    17
       Dagger            |    16 |     4 ||    20
 Cast: Magic Dart        |    69 |     9 ||    78
  Use: Potion            |       |     1 ||     1
  Eat: Chunk             |     3 |     1 ||     4
Armor: Robe              |     5 |     3 ||     8
Dodge: Dodged            |    24 |     5 ||    29
Block: Other             |       |     2 ||     2
